 Dungeon Crawl Stone Soup version 0.24-a0-254-gf493760 (webtiles) character file.

Game seed: 17877573787076639397

361 night the Ogre Mage (level 6, -11/53 HPs)
             Began as an Ogre Fire Elementalist on Apr 18, 2019.
             Mangled by a gnoll
             ... wielding a +0 halberd
              (17 damage)
             ... on level 2 of the Dungeon.
             The game lasted 00:14:22 (5016 turns).

night the Ogre Mage (Ogre Fire Elementalist)        Turns: 5016, Time: 00:14:22

Health: -11/53     AC:  4    Str: 13    XL:     6   Next: 66%
Magic:  7/12       EV: 11    Int: 18    God:
Gold:   220        SH:  0    Dex:  9    Spells: 3/13 levels left

rFire    . . .     SeeInvis .   A - +1 hand axe "Viet" {chop, rElec} (curse)
rCold    . . .     Gourm    .   (no shield)
rNeg     + . .     Faith    .   a - +1 robe
rPois    .         Spirit   .   (helmet restricted)
rElec    +         Reflect  .   (no cloak)
rCorr    .         Harm     .   (gloves unavailable)
MR       .....                  (boots unavailable)
Stlth    +.........             (no amulet)
HPRegen  0.17/turn              d - +1 ring of evasion
MPRegen  0.13/turn              j - ring of positive energy

@: confused, very slightly contaminated
A: large, unfitting armour, tough skin 1
a: no special abilities


You were on level 2 of the Dungeon.
You were not hungry.

You visited 1 branch of the dungeon, and saw 4 of its levels.

You collected 220 gold pieces.

Inventory:

Hand Weapons
 b - a +0 club
 i - a +0 club
 m - a +0 whip
 t - a +0 hand crossbow
 v - a +4 flail
 A - the cursed +1 hand axe "Viet" (weapon) {chop, rElec}
   (You found it on level 4 of the Dungeon)

   It inflicts extra damage upon your enemies.
   It insulates you from electricity.
   It has a curse placed upon it.
Missiles
 f - 184 stones (quivered)
 s - 37 bolts
 C - 2 throwing nets
Armour
 a - a +1 robe (worn)
Jewellery
 d - a +1 ring of evasion (left hand)
 j - a ring of positive energy (right hand)
Wands
 x - a wand of acid (8)
Scrolls
 g - 2 scrolls of identify
 q - 3 scrolls of remove curse {unknown}
 u - a scroll of noise
 B - 3 scrolls of teleportation {unknown}
Potions
 e - 2 potions of brilliance {unknown}
 h - a potion of resistance {unknown}
 p - a potion of ambrosia
 r - a potion of berserk rage {unknown}
 w - a potion of agility {unknown}
Comestibles
 c - 7 rations
 z - a chunk of flesh


   Skills:
 + Level 2.4 Maces & Flails
 - Level 1.7 Dodging
 - Level 1.4 Stealth
 + Level 4.3 Spellcasting
 + Level 3.0 Conjurations
 + Level 4.1 Fire Magic


You had 3 spell levels left.
You knew the following spells:

 Your Spells              Type           Power        Failure   Level  Hunger
a - Flame Tongue          Conj/Fire      ###..        3%          1    None
b - Throw Flame           Conj/Fire      ###...       4%          2    ##.....
c - Conjure Flame         Conj/Fire      ###.....     10%         3    ###....
d - Sticky Flame          Conj/Fire      ###.....     32%         4    ####...

Your spell library contained the following spells:

 Spells                   Type           Power        Failure   Level  Hunger
 Inner Flame              Hex/Fire       ##......     19%         3    ###....
 Fireball                 Conj/Fire      ###.......   65%         5    ######.


Dungeon Overview and Level Annotations

Branches:
Dungeon (4/15)
 Temple: D:4-7

Altars:
Ashenzari
Elyvilon
Fedhas
Kikubaaqudgha
Nemelex Xobeh
Trog
Zin

Annotations:
D:2 Terence


Innate Abilities, Weirdness & Mutations

You are too large for most types of armour.
You have tough skin. (AC +1)


Message History

Press: ? - help, Shift-Dir - straight line, f/p - gnoll
Aim: a gnoll, wielding a +0 halberd (severely wounded)
The flame tongue misses the gnoll.
The goblin hits you.
* * * LOW HITPOINT WARNING * * *
The gnoll hits you from afar with a +0 halberd.
* * * LOW HITPOINT WARNING * * *
Casting: Flame Tongue (safe; 3% risk of failure)
Confirm with . or Enter, or press ? or * to list all spells.
Aiming: Flame Tongue (safe; 3% risk of failure)
Press: ? - help, Shift-Dir - straight line, f/p - gnoll
Aim: a gnoll, wielding a +0 halberd (severely wounded)
The flame tongue hits the gnoll.
The gnoll is almost dead.
The goblin hits you but does no damage.
The gnoll hits you from afar with a +0 halberd.
* * * LOW HITPOINT WARNING * * *
You are confused.
You feel invigorated. The goblin misses you.
The gnoll hits you from afar with a +0 halberd!
You die...

##[# #.# #.#
###########.#
#..........>#
##.###########
#...S# #..
#..#g# #.#
#..#@# #:#
#..#.###.#
#..#.g.).#
#..#######
#... #g#


You could see a gnoll, an adder and a goblin.

Vanquished Creatures
  A jelly (D:4)
  2 orc wizards
  10 gnolls
  6 adders
  3 oozes
  A dart slug (D:1)
  A leopard gecko (D:1)
  16 orcs
  4 giant cockroaches
  13 goblins
  10 hobgoblins
  2 jackals (D:3)
  7 bats
  4 frilled lizards
  8 kobolds
  11 rats
99 creatures vanquished.

Notes
Turn   | Place    | Note
-------+----------+-------------------------------------------
     0 | D:1      | night the Ogre Fire Elementalist began the quest for the
                  | Orb.
     0 | D:1      | Reached XP level 1. HP: 16/16 MP: 3/3
    39 | D:1      | Reached skill level 1 in Conjurations
    87 | D:1      | Found a sparkling altar of Nemelex Xobeh.
   455 | D:1      | Reached XP level 2. HP: 24/24 MP: 3/5
   497 | D:1      | Learned a level 2 spell: Throw Flame
   992 | D:1      | Reached XP level 3. HP: 22/31 MP: 7/7
  1083 | D:1      | Learned a level 3 spell: Conjure Flame
  2167 | D:2      | Reached skill level 1 in Maces & Flails
  2167 | D:2      | Reached XP level 4. HP: 34/39 MP: 3/8
  2339 | D:2      | Noticed Terence
  2834 | D:3      | Reached XP level 5. HP: 13/45 MP: 0/10
  3652 | D:4      | Reached XP level 6. HP: 53/53 MP: 7/11
  3661 | D:4      | Got a smoking hand axe
  3662 | D:4      | Identified the cursed +1 hand axe "Viet" {chop, rElec} (You
                  | found it on level 4 of the Dungeon)
  3732 | D:4      | Learned a level 4 spell: Sticky Flame
  3767 | D:4      | Found a blossoming altar of Fedhas.
  3768 | D:4      | Found a shattered altar of Ashenzari.
  3768 | D:4      | Found a glowing silver altar of Zin.
  3770 | D:4      | Found a sparkling altar of Nemelex Xobeh.
  3772 | D:4      | Found an ancient bone altar of Kikubaaqudgha.
  3772 | D:4      | Found a bloodstained altar of Trog.
  3773 | D:4      | Found a white marble altar of Elyvilon.
  5015 | D:2      | HP: 1/53 [gnoll/+0 halberd (3)]
  5016 | D:2      | Mangled by a gnoll

Levels and vault maps discovered:
D:1:      dpeg_arrival_rooms_a, layout_basic, serial_curves, eino_curves_02,
          eino_curves_03, minmay_hexomino_r4
D:2:      cheibrodos_greedy_goblins, layout_basic, minivault_11, uniq_terence
D:3:      layout_basic, overflow_temple_1_default
D:4:      layout_gridville, grunt_temple_overflow_open, first_ration

Skill      XL: |  1  2  3  4  5  6 |
---------------+-------------------+-----
Conjurations   | 1 2 3 |  3.0
Fire Magic     | 3 4 |  4.1
Spellcasting   | 3 4 |  4.3
Maces & Flails | 1 2 |  2.4
Dodging        | |  1.7
Stealth        | |  1.4

Action                   |  1- 3 |  4- 6 || total
-------------------------+-------+-------++-------
Melee: Unarmed           |    12 |       ||    12
       Club              |    51 |       ||    51
       Whip              |       |    28 ||    28
       Flail             |       |    13 ||    13
       Hand axe          |       |    93 ||    93
 Fire: Hand crossbow     |       |     3 ||     3
 Cast: Flame Tongue      |    45 |    76 ||   121
       Throw Flame       |     2 |    25 ||    27
       Conjure Flame     |       |     2 ||     2
  Use: Scroll            |       |     6 ||     6
       Potion            |       |     2 ||     2
 Stab: Sleeping          |     1 |       ||     1
  Eat: Chunk             |     4 |    10 ||    14
Armor: Robe              |    40 |    31 ||    71
Dodge: Dodged            |    73 |   102 ||   175

Table legend:
 A = Non-vault XP
 B = Vault XP
 C = Vault XP percentage of total XP
 D = Non-vault monster count
 E = Vault monster count
 F = Vault count percentage of total count
                 A         B        C        D         E       F
            +---------+---------+-------+---------+---------+-------
      Total |     490 |      26 |   5.0 |      85 |      14 |  14.1
            +---------+---------+-------+---------+---------+-------
        D:1 |      41 |       7 |  14.6 |      21 |       4 |  16.0
        D:2 |     126 |      19 |  13.1 |      23 |      10 |  30.3
        D:3 |     198 |       0 |   0.0 |      32 |       0 |   0.0
        D:4 |     125 |       0 |   0.0 |       9 |       0 |   0.0
            +---------+---------+-------+---------+---------+-------
